AoeStats
← 赛博指挥官

Arabia

508416570Analyzed
1v1 RM · 10d ago on Sep 22, 2026· 39m 16s· 2 players
Game mode
Random Map
Map size
Tiny (2 player)
Population
200
Speed
Normal
Resources
Standard
Victory
Conquest
Starting age
Dark Age
Ending age
Imperial Age
RankedLock teamsTeams togetherTeam positionsShared explorationLock speedFull tech treeHidden civsTurbo modeCheats
Victory
Defeat
🇨🇳 Burgundians · China
1042
+17
🇲🇽 Muisca · Mexico
1073
-17
aluis.gallardo
11:13 Feudal Age
12:21 Loom
16:49 Castle Age
14:45 Fletching
14:50 Champi Runner
16:46 Scale Mail Armor
16:59 Double-Bit Axe
17:50 Champi Warrior
19:43 Pikeman
23:33 Crossbowman
24:56 Bodkin Arrow
26:31 Wheelbarrow
27:35 Ballistics
28:17 Forging
29:08 Squires
29:26 Chain Mail Armor
32:27 Hand Cart
38:23 Imperial Age
36:18 Padded Archer Armor
赛博指挥官
4:41 Loom
6:04 Double-Bit Axe
9:13 Horse Collar
11:02 Wheelbarrow
12:51 Feudal Age
13:14 Gold Mining
14:54 Gold Shaft Mining
14:34 Bow Saw
18:26 Castle Age
17:52 Scale Barding Armor
18:32 Heavy Plow
20:10 Forging
21:31 Hand Cart
20:59 Cavalier
22:59 Iron Casting
26:08 Two-Man Saw
25:27 Stone Mining
29:34 Husbandry
30:27 Devotion
31:13 Town Watch
32:15 Town Patrol
33:21 Stone Shaft Mining
35:47 Chain Barding Armor
36:18 Guilds
38:28 Burgundian Vineyards
Connection lost

Rejoining the realm…

Still unreachable

The connection could not be restored.

Session expired

The server has moved on; the page needs a fresh start.